cohdb
Replays
Latest Replays
All Replays
Popular Replays
Top Player Replays
Match Explorer
How It Works
Community
CoH3 Stats
Reddit
Sign in to upload your games and track your stats! →
Sign in with Steam
Match 44805814
Unlisted
Match 44805814
Overview
Messages
Build Orders
End
Vickers Machine Gun Team
Construct Section Command Post
Infantry Section
Selects Air and Sea Battlegroup
Infantry Section
ML 3-inch Mortar Team
Construct Platoon Command Post
Selects Supply Surplus
Humber Armored Car
Construct Field Infirmary
Selects UNKNOWN (223837)
CMP 15cwt Truck
Unlock Bishop Self-propelled Artillery
Bishop Self-propelled Artillery
Bishop Self-propelled Artillery
Selects Commando Section Paradrop
Selects Commando Support Section Paradrop
Infantry Training
Infantry Section
Construct Company Command Post
Foot Guards Section
Selects Incendiary Bombing Run
Commando Support Section Paradrop
Mika Sama
599753
matrix4x4
Diane丶霸王
Wolfenstein
Eon
YAHADAYCO
Blooddeani
0
0
Comments
sign in to comment!
No comments posted yet!